 Dungeon Crawl Stone Soup version 0.17.2-1-ge4368a0 (webtiles) character file.

212 Goblin1989 the Cudgeler (level 5, -3/41 HPs)
             Began as a Demonspawn Fighter on Sept 10, 2016.
             Was an Initiate of Gozag.
             Slain by an orc priest
             ... wielding a +0 mace
              (6 damage)
             ... on level 4 of the Dungeon.
             The game lasted 00:08:24 (3374 turns).

Goblin1989 the Cudgeler (Demonspawn Fighter)        Turns: 3374, Time: 00:08:25

Health: -3/41      AC:  9    Str: 16    XL:     5   Next: 58%
Magic:  5/5        EV:  6    Int: 10    God:    Gozag
Gold:   279        SH:  8    Dex: 13    Spells: 0 memorised, 4 levels left

rFire  . . .     SeeInvis .     a - +0 flail
rCold  . . .     Clarity  .     b - +0 scale mail
rNeg   . . .     SustAt   .     c - +0 shield
rPois  .         Gourm    .     d - +0 helmet
rElec  .         Spirit   .     j - +0 cloak (curse)
rCorr  .         Warding  .     (no gloves)
rMut   .         Stasis   .     (no boots)
MR     .....                    (no amulet)
Stlth  +.........               (no ring)
                                (no ring)

@: very slightly contaminated, hasted, drained, very quick, not resistant to
hostile enchantments, very unstealthy
A: talons 1, icy blue scales 1, nightstalker 1
a: Potion Petition, Call Merchant, Bribe Branch, Renounce Religion


You were on level 4 of the Dungeon.
You worshipped Gozag.
Gozag was noncommittal.
You were not hungry.

You visited 1 branch of the dungeon, and saw 4 of its levels.

You collected 310 gold pieces.
You paid 31 gold pieces to Gozag.

Inventory:

Hand Weapons
 a - a +0 flail (weapon)
Missiles
 l - 3 throwing nets (quivered)
Armour
 b - a +0 scale mail (worn)
 c - a +0 shield (worn)
 d - a +0 helmet (worn)
 j - a cursed +0 cloak (worn)
Scrolls
 e - a scroll of fog {unknown}
 f - 5 scrolls of identify {unknown}
 h - 4 scrolls of remove curse {unknown}
 k - 2 scrolls of enchant weapon {unknown}
 p - a scroll of blinking {unknown}
 q - a scroll of random uselessness {unknown}
Potions
 g - a potion of magic {unknown}
 m - a potion of flight {unknown}
 n - a potion of curing {unknown}
 o - a potion of cancellation {unknown}
Comestibles
 i - 4 meat rations


   Skills:
 - Level 3.0(2.8) Fighting
 + Level 5.4(5.2) Maces & Flails
 - Level 2.6(2.4) Armour
 - Level 2.6(2.4) Shields


You had 4 spell levels left.
You didn't know any spells.

Dungeon Overview and Level Annotations

Branches:
Dungeon (4/15)
 Temple: D:4-7

Altars:
Elyvilon
Fedhas
Gozag
Okawaru
Sif Muna
Zin

Annotations:
D:3 Natasha


Innate Abilities, Weirdness & Mutations

You have sharp toenails.
You are partially covered in icy blue scales (AC +1).
You are slightly more attuned to the shadows.


Message History

The orc hits you with a flail.
* * * LOW HITPOINT WARNING * * *
You take 8 damage, and have 11/41 hp.
You hit the orc priest but do no damage.
The orc priest is severely wounded.
The orc hits you with a war axe.
* * * LOW HITPOINT WARNING * * *
The orc priest completely misses you. Something hits you.
* * * LOW HITPOINT WARNING * * *
You take 5 damage, and have 6/41 hp.
You hit the orc priest but do no damage.
The orc priest is severely wounded.
The orc hits you but does no damage.
You hit the orc priest but do no damage.
The orc priest is severely wounded.
Something hits you but does no damage. The orc hits you with a war axe.
* * * LOW HITPOINT WARNING * * *
The orc priest hits you with a mace.
You die...
Your body crumbles into a pile of gold.

#......#...........
#.######.##.#####.......
#...........# #..####.
#.......#### #..#####
#.......# #..#....
#....(.$# #..#####
#.......# #.......
#.....(.# #.##....
#....{@.# #.......
###..ooo%.... #.......
#....=...## #.##.###
#.........# #.##.###
#..###....# #....... #..
#..## ####.### #.. ...
#.##. ####.##. #.......


You could see an orc priest and 2 orcs.

Vanquished Creatures
  An iron imp (D:3)
  A worker ant (D:4)
  Robin (D:3)
  4 gnolls (D:3)
  4 adders
  2 worms (D:2)
  A giant gecko (D:2)
  6 orcs
  3 giant cockroaches
  11 goblins
  6 hobgoblins
  5 jackals
  7 kobolds
  3 bats
  10 giant newts
  7 rats
72 creatures vanquished.

Notes
Turn   | Place    | Note
--------------------------------------------------------------
     0 | D:1      | Goblin1989 the Demonspawn Fighter began the quest for the Orb.
     0 | D:1      | Reached XP level 1. HP: 18/18 MP: 1/1
   352 | D:1      | Gained mutation: You are slightly more attuned to the shadows. [demonic ancestry]
   352 | D:1      | Reached XP level 2. HP: 21/24 MP: 2/2
   700 | D:2      | Reached XP level 3. HP: 13/29 MP: 3/3
  1161 | D:2      | Found an opulent altar of Gozag.
  1164 | D:2      | Found a blossoming altar of Fedhas.
  1165 | D:2      | Found a deep blue altar of Sif Muna.
  1609 | D:3      | Found a glowing silver altar of Zin.
  1633 | D:2      | Became a worshipper of Gozag Ym Sagoz the Greedy
  1712 | D:2      | Gained mutation: You are partially covered in icy blue scales (AC +1). [demonic ancestry]
  1712 | D:2      | Reached XP level 4. HP: 35/35 MP: 4/4
  1810 | D:2      | Reached skill level 4 in Maces & Flails
  2543 | D:3      | Gained mutation: You have sharp toenails. [demonic ancestry]
  2543 | D:3      | Reached XP level 5. HP: 5/41 MP: 5/5
  2873 | D:3      | Noticed Robin
  2881 | D:3      | Killed Robin
  2891 | D:3      | Reached skill level 5 in Maces & Flails
  2926 | D:3      | Noticed Natasha
  3300 | D:4      | Found an iron altar of Okawaru.
  3326 | D:4      | Found a white marble altar of Elyvilon.
  3374 | D:4      | Slain by an orc priest

Action                   |  1- 3 |  4- 6 || total
-------------------------+-------+-------++-------
Melee: Flail             |   195 |   123 ||   318
Invok: Potion Petition   |       |     1 ||     1
  Use: Potion            |       |     1 ||     1
 Stab: Distracted        |       |     1 ||     1
  Eat: Chunk             |     3 |       ||     3
       Bread ration      |       |     1 ||     1
       Beef jerky        |       |     1 ||     1
